AoeStats
← clf730928

Arena

509674314Analyzed
2v2 RM · 3d ago on Sep 27, 2026· 49m 13s· 4 players
Game mode
Random Map
Map size
Medium (4 player)
Population
200
Speed
Normal
Resources
Standard
Victory
Conquest
Starting age
Dark Age
Ending age
Imperial Age
RankedLock teamsTeams togetherTeam positionsShared explorationLock speedFull tech treeHidden civsTurbo modeCheats
Victory
Defeat
🇹🇼 Spanish · Taiwan
877
+14
🇬🇷 Vietnamese · Greece
824
+17
🇦🇷 Ethiopians · Argentina
840
-16
🇦🇷 Franks · Argentina
838
-15
Horizon
6:00 Loom
11:49 Feudal Age
10:36 Loom
12:17 Horse Collar
12:23 Double-Bit Axe
15:59 Wheelbarrow
18:29 Castle Age
24:19 Hand Cart
23:52 Town Watch
29:56 Imperial Age
27:28 Town Patrol
28:27 Bow Saw
30:18 Ballistics
29:39 Treadmill Crane
29:54 Murder Holes
30:10 Masonry
30:12 Fortified Wall
32:32 Chemistry
31:18 Arrowslits
32:29 Guilds
32:50 Coinage
32:21 Caravan
32:27 Scale Barding Armor
32:33 Forging
33:19 Bloodlines
33:09 Husbandry
33:05 Fletching
33:16 Padded Archer Armor
34:38 Two-Man Saw
33:58 Bodkin Arrow
34:13 Forging
34:38 Thumb Ring
33:53 Elite Skirmisher
35:12 Imperial Skirmisher
35:14 Elite Battle Elephant
36:13 Leather Archer Armor
37:01 Chatras
38:08 Hoardings
37:34 Gold Mining
37:35 Stone Mining
38:21 Chain Barding Armor
39:30 Iron Casting
38:55 Bracer
38:35 Sappers
40:31 Paper Money
41:40 Siege Engineers
42:08 Ring Archer Armor
44:30 Plate Barding Armor
44:11 Elite Rattan Archer
clf730928
3:17 Loom
13:22 Feudal Age
17:13 Castle Age
15:24 Double-Bit Axe
16:15 Stone Mining
16:29 Gold Mining
16:47 Horse Collar
19:20 Bow Saw
24:57 Fletching
28:31 Wheelbarrow
28:48 Town Watch
33:39 Scale Mail Armor
33:50 Forging
36:21 Imperial Age
34:09 Hand Cart
34:43 Heavy Plow
34:21 Pikeman
35:02 Squires
34:47 Arson
36:10 Chain Mail Armor
36:31 Iron Casting
36:13 Bodkin Arrow
36:07 Gambesons
36:25 Halberdier
37:39 Conscription
38:11 Town Patrol
39:34 Plate Mail Armor
40:04 Blast Furnace
40:27 Two-Man Saw
40:30 Blast Furnace
40:19 Bracer
40:25 Scale Barding Armor
40:21 Padded Archer Armor
42:04 Hoardings
42:58 Stone Shaft Mining
44:31 Chemistry
43:51 Ballistics
43:27 Murder Holes
43:42 Masonry
44:48 Chain Barding Armor
44:43 Leather Archer Armor
45:35 Bombard Tower
45:25 Fortified Wall
46:13 Plate Barding Armor
48:24 Architecture
CHONNR10
11:21 Feudal Age
12:18 Double-Bit Axe
18:39 Castle Age
17:50 Man-at-Arms
19:51 Squires
22:18 Bow Saw
24:01 Stone Mining
24:01 Gold Mining
24:43 Pikeman
27:55 Husbandry
28:37 Wheelbarrow
29:19 Scale Mail Armor
35:41 Imperial Age
33:23 Murder Holes
35:10 Scale Barding Armor
35:16 Forging
35:06 Padded Archer Armor
34:57 Fletching
36:17 Chain Barding Armor
36:12 Chain Mail Armor
36:32 Ballistics
35:52 Treadmill Crane
36:24 Masonry
37:33 Conscription
39:00 Iron Casting
37:56 Elite Skirmisher
40:48 Cavalier
44:43 Chemistry
43:53 Fortified Wall
44:52 Plate Barding Armor
45:18 Blast Furnace
44:29 Chivalry
45:44 Hoardings
45:51 Ordonnance Companies
46:42 Halberdier
47:49 Hand Cart
49:55 Plate Mail Armor
PicanteMartinez
2:49 Loom
12:55 Feudal Age
15:10 Wheelbarrow
15:57 Double-Bit Axe
21:07 Castle Age
21:08 Horse Collar
21:49 Stone Mining
22:41 Bow Saw
25:00 Elite Skirmisher
26:30 Fletching
26:40 Padded Archer Armor
28:47 Gold Mining
29:08 Town Watch
30:30 Hand Cart
32:47 Heavy Plow
39:50 Scale Mail Armor
45:18 Imperial Age
44:40 Leather Archer Armor
44:20 Bodkin Arrow
44:40 Leather Archer Armor
44:20 Bodkin Arrow
46:47 Conscription
47:07 Squires
48:21 Arson
49:13 Sanctity
49:33 Illumination
Connection lost

Rejoining the realm…

Still unreachable

The connection could not be restored.

Session expired

The server has moved on; the page needs a fresh start.